 Dungeon Crawl Stone Soup version 0.15.2 (webtiles) character file.

232 RottenBandages the Insei (level 5, -8/41 HPs)
             Began as a Mummy Monk on Oct 31, 2015.
             Blown up by Ijyb (12 damage)
             ... with a wand of disintegration
             ... on Level 4 of the Dungeon.
             The game lasted 00:05:20 (3608 turns).

RottenBandages the Insei (Mummy Monk)               Turns: 3608, Time: 00:05:20

HP  -8/41        AC  6     Str 14      XL: 5   Next: 73%
MP   5/5         EV  9     Int  9      God:
Gold 219         SH  0     Dex 15      Spells:  0 memorised,  4 levels left

rFire  x . .     SeeInvis .       - Unarmed
rCold  + + .     Clarity  .     e - +1 ring mail {rC+}
rNeg   + + +     rCorr    .     (no shield)
rPois  +         rRot     +     (no helmet)
rElec  .         Spirit   .     (no cloak)
SustAb .         Warding  .     (no gloves)
rMut   +         Stasis   .     (no boots)
Gourm  .                        k - amulet of resist mutation
MR     .....                    (no ring)
                                g - cursed ring of loudness

@: not resistant to hostile enchantments, extremely unstealthy
A: no food or potions, fire vulnerability, restore body, cold resistance 1,
negative energy resistance 3, poison resistance, torment resistance, unbreathing
a: no special abilities


You were on level 4 of the Dungeon.
You were not hungry.

You visited 1 branch of the dungeon, and saw 4 of its levels.

You collected 219 gold pieces.


Innate Abilities, Weirdness & Mutations

You do not eat or drink.
Your flesh is vulnerable to fire.
Your flesh is cold resistant.
You are immune to negative energy.
Your system is resistant to poisons.
You are immune to unholy pain and torment.
You can survive without breathing.


   Skills:
 - Level 3.0 Fighting
 - Level 2.4 Dodging
 - Level 1.5 Stealth
 + Level 5.8 Unarmed Combat


You had 4 spell levels left.
You didn't know any spells.

Inventory:

Hand weapons
 a - a +0 blowgun
Missiles
 j - 8 javelins (quivered)
 l - 8 poisoned needles
Armour
 e - a +1 ring mail of cold resistance (worn)
 m - a +0 robe
Scrolls
 b - 2 scrolls of recharging {unknown}
 c - a scroll of noise {unknown}
 d - 2 scrolls of teleportation {@r4}
 f - a scroll of blinking {unknown}
 h - 3 scrolls of identify {unknown}
 i - a scroll of random uselessness {unknown}
 n - a scroll of fog {unknown}
Jewellery
 g - a cursed ring of loudness (left hand)
 k - an amulet of resist mutation (around neck)

Dungeon Overview and Level Annotations

Branches:
Dungeon (4/15)
 Temple: D:4-7

Altars:
Qazlal
Vehumet

Annotations:
D:4 Ijyb

### #.# #.###########
#....M......# ######
#g#########.# #..... ######
####%#### #.#####'#### .....#
#.......######........... .....#
#............#........... .....#
#............#........... .....#
####..........#...........
...).###.........>.............#.
.......#.................#.......


You could see Ijyb.


Message History

You are too injured to fight recklessly!
You barely miss the jackal.
The jackal is almost dead.
The jackal bites you but does no damage.
You hit the jackal.
You kill the jackal!
You hit the jackal.
The jackal is moderately wounded.
The jackal bites you but does no damage.
You punch the jackal!
You kill the jackal!
The jackal closely misses you.
You hit the jackal.
You kill the jackal!
You closely miss the adder.
The adder is severely wounded.
The adder closely misses you. The adder bites you but does no damage.
You barely miss the adder.
The adder is severely wounded.
The adder completely misses you.
You hit the adder.
You kill the adder!
You punch the jackal!
You kill the jackal!
Ijyb zaps a wand.
You are blasted!
* * * LOW HITPOINT WARNING * * *
Ijyb zaps a wand.
You are blasted!
You die...

Action                   |  1- 3 |  4- 6 || total
-------------------------+-------+-------++-------
Melee: Unarmed           |   136 |   189 ||   325
 Fire: Blowgun           |       |     2 ||     2
  Use: Scroll            |       |     1 ||     1
 Stab: Sleeping          |     1 |       ||     1

Vault maps used:
D:1:      shiori_arrival_whats_in_store_for_you, hex_large
D:2:      vehumet_crystals, uniq_terence
D:3:      nicolae_overflow_hidden_temple, first_bread
D:4:      serial_shops, nicolae_shop_stone, uniq_iyjb

Notes
Turn   | Place    | Note
--------------------------------------------------------------
     0 | D:1      | RottenBandages, the Mummy Monk, began the quest for the Orb.
     0 | D:1      | Reached XP level 1. HP: 18/18 MP: 1/1
     0 | D:1      | Noticed a spriggan skeleton
     5 | D:1      | Noticed a human skeleton
    10 | D:1      | Noticed an elf skeleton
    12 | D:1      | Noticed a human skeleton
    12 | D:1      | Noticed a troll skeleton
    13 | D:1      | Noticed a minotaur skeleton
    14 | D:1      | Noticed a troll skeleton
    14 | D:1      | Noticed a spriggan skeleton
    16 | D:1      | Noticed a merfolk skeleton
    18 | D:1      | Noticed a draconian skeleton
   132 | D:1      | Reached XP level 2. HP: 8/24 MP: 2/2
   495 | D:1      | Reached skill level 4 in Unarmed Combat
   965 | D:2      | Reached XP level 3. HP: 29/29 MP: 3/3
  1107 | D:2      | Noticed Terence
  1160 | D:2      | Killed Terence
  1566 | D:2      | Reached XP level 4. HP: 31/35 MP: 4/4
  1636 | D:2      | Found a radiant altar of Vehumet.
  2051 | D:3      | Reached skill level 5 in Unarmed Combat
  2401 | D:3      | Found a stormy altar of Qazlal.
  2613 | D:3      | Reached XP level 5. HP: 23/41 MP: 5/5
  3193 | D:4      | Noticed Ijyb
  3193 | D:4      | Noticed an ogre
  3604 | D:4      | HP: 3/41 [disintegration (10)]
  3608 | D:4      | Blown up by Ijyb

Vanquished Creatures
  A hound (D:4)
  A worker ant (D:4)
  Terence (D:2)
  A gnoll (D:1)
  5 adders
  An inept feature mimic (D:3)
  2 worms
  3 giant geckos
  5 orcs
  13 bats
  A bat skeleton (D:4)
  3 giant cockroaches
  11 goblins
  10 hobgoblins
  6 jackals
  A quokka (D:3)
  5 giant newts
  11 kobolds
  5 rats
86 creatures vanquished.
